 Dungeon Crawl Stone Soup version 0.31-a0-1010-g5322dac6a2 (webtiles) character file.

Game seed: 15515253721720441742

67 Azuregosa the Sneak (level 4, -2/34 HPs)
             Began as an Octopode Delver on Nov 16, 2023.
             Slain by Takeo's ghost (3 damage)
             ... on level 5 of the Dungeon.
             The game lasted 00:00:41 (22 turns).

Azuregosa the Sneak (Octopode Delver)                 Turns: 22, Time: 00:00:41

Health: -2/34      AC:  1    Str: 11    XL:     4   Next: 16%
Magic:  4/4        EV: 13    Int: 12    God:
Gold:   17         SH:  0    Dex: 15    Spells: 3/3 levels left

rFire   . . .        a - +0 short sword
rCold   . . .        (no shield)
rNeg    . . .        (helmet restricted)
rPois   .            (no amulet)
rElec   .            (no ring)
rCorr   .            (no ring)
SInv    .            (no ring)
Will    .....        (no ring)
Stlth   ++++         (no ring)
HPRegen 0.25/turn    (no ring)
MPRegen 0.09/turn    (no ring)
                     (no ring)

%: no passive effects
@: no status effects
A: almost no armour, amphibious, 8 rings, camouflage 1, gelatinous body 1,
(nimble swimmer 1), tentacles
a: no special abilities


You were on level 5 of the Dungeon.
You visited 1 branch of the dungeon, and saw 1 of its levels.

You collected 17 gold pieces.

Inventory:

Hand Weapons
 a - a +0 short sword (weapon)
Wands
 f - a wand of digging (3)
Scrolls
 b - a scroll of fog
 d - a scroll of fear
Potions
 e - a potion of haste


   Skills:
 + Level 4.9 Fighting
 - Level 2.0 Short Blades
 - Level 2.0 Dodging
 - Level 6.6 Stealth


You had 3 spell levels left.
You didn't know any spells.
Your spell library was empty.

Dungeon Overview and Level Annotations

Branches:
Dungeon (5/15)             Temple (0/1) D:5

Altars:

Annotations:
D:5 Takeo's ghost, novice OpSh


Innate Abilities, Weirdness & Mutations

You cannot wear most types of armour.
You are amphibious.
You can wear up to eight rings at the same time.
Your skin changes colour to match your surroundings (Stealth+).
Your rubbery body absorbs attacks. (AC +1, EV +1)
((You are camouflaged when in or above water. (Stealth+)))
You have tentacles for arms and can constrict up to eight enemies at once.


Message History

Your grab misses the bullfrog. You squeeze the bullfrog!
The bullfrog is heavily wounded.
The bullfrog closely misses you.
You hit the bullfrog. You grab the bullfrog.
The bullfrog is heavily wounded.
You constrict the bullfrog.
The bullfrog hits you but does no damage.
You completely miss the bullfrog.
The bullfrog is heavily wounded.
You constrict the bullfrog. The bullfrog barely misses you.
The bullfrog misses you.
You hit the bullfrog.
The bullfrog is severely wounded.
You constrict the bullfrog. The bullfrog closely misses you.
You hit the bullfrog.
The bullfrog is almost dead.
You constrict the bullfrog. The bullfrog hits you.
The bullfrog hits you but does no damage.
You hit the bullfrog.
You kill the bullfrog!
Your Fighting skill increases to level 4!
You have reached level 2!
You have reached level 3!
Your experience leads to an increase in your attributes!
Increase (S)trength, (I)ntelligence, or (D)exterity?
You feel agile. x2
You have reached level 4!
Press: ? - help, v - describe, . - travel
Here: Takeo's ghost Some shallow water.
Takeo's ghost hits you!
* * * LOW HITPOINT WARNING * * *
There is an open translucent door, spattered with blood here.
You barely miss Takeo's ghost. Your squeeze misses Takeo's ghost.
Takeo's ghost hits you.
* * * LOW HITPOINT WARNING * * *
You hit Takeo's ghost.
Takeo's ghost is lightly damaged.
Takeo's ghost hits you.
You die...

* *,*,,,,,,,,****####.####...< *
*,*,***,,,,* ####.#.##)#..
******,*,###,,,,* #####.#.##.#..
+,,,,,,,,,...,,,*###..........#..
+*****,**,,...,**#.#...###.###...
,,,,,,,,*,,##.####.#...###....)..
,,,,,,,,*,,................#.....
,,,,,,,,*########.....#.#.#.>....
,,,,,,,,*#~=~SSW@..#.##.#.#......
,,,,,,,,*########..#.##>#.#.....#
,,,,,,,,,,,,.......#............#
,,,,,,,,,,,##.##.#.###.......#..#
,,,,,,,,,*,*#.*#...###..#.#..#..#
,***,,,,,,,,.,*#.#.###..........#
,***,,**,*,#,,,........##....#..#
,*>,,,,,,*,*,,*#.#..,,,**,,,**,,*
,*,*,,,,,,,,,,,,,****,***,,,,,,,*


You could see Takeo's ghost and 2 adders.

Vanquished Creatures
  A bullfrog (D:5)
1 creature vanquished.

Notes
Turn   | Place    | Note
-------+----------+-------------------------------------------
     0 | D:5      | Azuregosa the Octopode Delver began the quest for the Orb.
     0 | D:5      | Reached XP level 1. HP: 16/16 MP: 1/1
     5 | D:5      | Found a runed translucent door.
     6 | D:5      | Noticed a bullfrog
    11 | D:5      | Noticed Takeo's ghost (novice OpSh)
    19 | D:5      | Killed a bullfrog
    20 | D:5      | Reached XP level 2. HP: 11/23 MP: 2/2
    20 | D:5      | Reached XP level 3. HP: 14/28 MP: 3/3
    20 | D:5      | Reached XP level 4. HP: 17/34 MP: 4/4
    21 | D:5      | HP: 1/34 [Takeo's ghost (6)]
    22 | D:5      | Slain by Takeo's ghost

Illustrated notes

Levels and vault maps discovered:
D:5:      layout_basic, minmay_temple_entry_wispy, nicolae_ossuary_entry_plus,
          ebering_ghost_sewer_d

Skill      XL: |  1 |
---------------+----+-----
Fighting       | 4 |  4.9
Short Blades   | |  2.0
Dodging        | |  2.0
Stealth        | |  6.6

Action                     |  1- 3 |  4- 6 || total
---------------------------+-------+-------++-------
  Melee: Short sword       |     6 |     2 ||     8
         Constrict         |     1 |       ||     1
         Tentacles         |     1 |       ||     1
    Use: Scroll            |     1 |       ||     1
 Armour: Skin              |     4 |     3 ||     7
  Dodge: Dodged            |     4 |       ||     4

Table legend: (Time is in decaauts)
 A = Elapsed time spent in this place.
 B = Non-inter-level travel time spent in this place.
 C = Inter-level travel time spent in this place.
 D = Time resting spent in this place.
 E = Time spent auto-exploring this place.
 F = Levels seen in this place.
 G = Mean time per level.
                   A        B        C        D        E       F      G
               +--------+--------+--------+--------+--------+-----+--------+
         Total |     21 |     21 |      0 |      0 |      0 |   1 |   21.0 |
       Dungeon |     21 |     21 |      0 |      0 |      0 |   1 |   21.0 |
               +--------+--------+--------+--------+--------+-----+--------+

Top non-repeatable levels by time:
     D:5: 21 daAuts
